 Dungeon Crawl Stone Soup version 0.28.0-47-ge53b351184 (webtiles) character file.

Game seed: 88178938778336459

1201 Cak3Hol3 the Chiller (level 8, 0/62 HPs)
             Began as a Red Draconian Ice Elementalist on May 4, 2022.
             Was a Believer of Elyvilon.
             Slain by a phantom (8 damage)
             ... on level 6 of the Dungeon.
             The game lasted 00:43:26 (7526 turns).

Cak3Hol3 the Chiller (DrIE)                         Turns: 7526, Time: 00:43:26

Health: 0/62       AC:  7    Str: 10    XL:     8   Next: 21%
Magic:  7/13       EV: 15    Int: 18    God:    Elyvilon [**....]
Gold:   258        SH:  8    Dex: 12    Spells: 9/13 levels left

rFire   + + .      SeeInvis .   v - +2 hand axe (flame)
rCold   + . .      Faith    .   t - +0 kite shield
rNeg    . . .      Spirit   .   (armour unavailable)
rPois   +          Reflect  .   (helmet restricted)
rElec   +          Harm     .   u - +0 cloak
rCorr   +          Rampage  .   (no gloves)
Will    .....                   (no boots)
Stlth   ++........              (no amulet)
HPRegen 0.20/turn               g - +4 ring of evasion
MPRegen 0.13/turn               (no ring)

@: short of breath, resistant, marked, very slightly contaminated
A: breathe fire, AC +6, unfitting armour, fire resistance 1, cold-blooded,
talons 1, subdued magic 1
a: Breathe Fire, Renounce Religion, Purification, Heal Other


You were on level 6 of the Dungeon.
You worshipped Elyvilon.
Elyvilon was pleased with you.
You visited 1 branch of the dungeon, and saw 7 of its levels.

You collected 375 gold pieces.
You spent 117 gold pieces at shops.

Inventory:

Hand Weapons
 i - a +0 short sword
 k - a +0 hunting sling
 m - a +3 quarterstaff of chaos
 s - a +0 short sword
 v - a +2 hand axe of flaming (weapon)
 x - a +0 scythe
Missiles
 d - 151 stones
 q - 17 arrows
 D - 3 poisoned darts
Armour
 t - a +0 kite shield (worn)
 u - a +0 cloak (worn)
Magical Staves
 n - a staff of poison
Jewellery
 g - a +4 ring of evasion (left hand)
Wands
 B - a wand of iceblast (10)
 C - a wand of flame (12)
Scrolls
 c - a scroll of noise {unknown}
 e - 5 scrolls of identify {unknown}
 h - a scroll of immolation
 r - 2 scrolls of vulnerability {unknown}
 y - a scroll of fog {unknown}
 A - a scroll of fear {unknown}
 E - a scroll of brand weapon {unknown}
Potions
 a - a potion of invisibility {unknown}
 b - 2 potions of magic {unknown}
 j - a potion of lignification
 l - 2 potions of curing {unknown}
 o - a potion of might {unknown}
 p - a potion of berserk rage {unknown}
 w - a potion of resistance
 z - a potion of flight {unknown}
 F - a potion of brilliance {unknown}


   Skills:
 + Level 2.8 Fighting
 + Level 3.6 Short Blades
 * Level 4.0 Axes
 + Level 4.1 Dodging
 + Level 3.4 Stealth
 + Level 2.6 Shields
 * Level 3.4 Spellcasting
 + Level 4.1 Ice Magic
 + Level 0.1 Invocations


You had 9 spell levels left.
You knew the following spells:

 Your Spells              Type           Power      Damage    Failure   Level
a - Freeze                Ice            52%        1d7       7%          1
b - Ozocubu's Armour      Ice            13%        N/A       22%         3

Your spell library contained the following spells:

 Spells                   Type           Power      Damage    Failure   Level
 Frozen Ramparts          Ice            26%        1d4       22%         3
 Sublimation of Blood     Necr           2%         N/A       54%         2
 Wereblood                Tmut           2%         N/A       54%         2
 Portal Projectile        Hex/Tloc       4%         N/A       80%         3
 Hailstorm                Conj/Ice       8%         3d4       89%         4
 Blade Hands              Tmut           1%         N/A       100%        5
 Excruciating Wounds      Necr           1%         N/A       100%        5
 Summon Hydra             Summ           1%         N/A       100%        7
 Chain Lightning          Conj/Air       1%         3d1       100%        9
 Fire Storm               Conj/Fire      1%         7d1       100%        9
 Shatter                  Erth           1%         3d5*      100%        9


Dungeon Overview and Level Annotations

Branches:
Dungeon (7/15)             Temple (0/1) D:5

Altars:
Elyvilon
Qazlal
Yredelemnul
Zin

Shops:
D:3 [


Innate Abilities, Weirdness & Mutations

You can breathe blasts of fire.
Your fiery red scales are hard. (AC +6)
You cannot fit into any form of body armour.
Your flesh is heat resistant. (rF+)
You are cold-blooded and may be slowed by cold attacks.
You have sharp toenails.
Your spells are a little easier to cast, but a little less powerful.


Message History

Aim: a phantom (56% to hit)
You breathe a blast of fire.
The fiery breath hits the phantom!
The phantom is moderately damaged.
The phantom hits you.
You barely miss the phantom. You claw the phantom, but do no damage.
The phantom is moderately damaged.
An orc wizard comes into view. It is wielding a +0 dagger.
The orc priest invokes the aid of Beogh against you.
Pain shoots through your body! The phantom hits you.
The orc wizard mumbles some strange words.
The orc wizard flickers and vanishes!
Deactivating autopickup; reactivate with Ctrl-A.
An orc wizard comes into view. It is wielding a +0 dagger.
It was a potion of degeneration.
There was something very wrong with that liquid.
You feel weakened.
You feel dopey.
You feel clumsy. The phantom closely misses you.
It was a potion of resistance.
You feel protected. The orc priest closely misses you. The phantom hits you.
The phantom blinks!
You blink.
An orc comes into view. It is wielding a +0 mace of venom.
Activating: Purification (2% risk of failure)
Press: ? - help, Q - select action, (/) - cycle Dir - look around, f - activate You feel purified!
You feel your strength returning.
You feel your intelligence returning.
You feel your dexterity returning. The phantom hits you.
* * * LOW HITPOINT WARNING * * *
An orc comes into view. It is wielding a +0 hand axe.
Non-targeted cast: Ozocubu's Armour (22%)
Press: ? - help, Q - select action, (/) - cycle Dir - look around, f - activate You miscast Ozocubu's Armour.
You are very lightly contaminated with residual magic.
Nothing appears to happen.
The orc priest mumbles some strange prayers to Beogh against you.
Beogh smites you!
* * * LOW HITPOINT WARNING * * *
The phantom hits you!
You die...

########## .. #........#
.... #........####....
#####..........o..#
#.....†...........#######
#........W...............
#.......@.........#....##
#.......o....###+##....##
########..o..# .##.....'
#..○o.###.##.....#
#####......+.....#
######......#....[#
...................
#######..#..#..#..#
#...#..#..#..#


You could see a phantom, an orc priest, an orc wizard and 2 orcs.

Vanquished Creatures
  Grinder (D:6)
  A phantom (D:5)
  A centaur (D:6)
  A scorpion (D:6)
  A water moccasin skeleton (D:5)
  A bullfrog zombie (D:5)
  A jelly (D:6)
  3 howler monkeys
  A centaur zombie (D:5)
  4 hounds
  Crazy Yiuf (D:3)
  An orc priest (D:3)
  Jessica (D:3)
  An iguana (D:6)
  An orc wizard (D:3)
  A hound zombie (D:5)
  10 adders
  2 gnolls (D:4)
  2 shadow imps (D:6)
  A white imp (D:6)
  3 ufetubi (D:5)
  An adder zombie (D:5)
  4 worms
  6 dart slugs
  7 orcs
  7 ball pythons
  5 endoplasms
  5 giant cockroaches
  4 goblins
  9 hobgoblins
  2 jackals (D:2)
  5 kobolds
  4 quokkas
  6 bats
  4 frilled lizards
  10 rats
118 creatures vanquished.

Vanquished Creatures (others)
  4 plants (D:3)
4 creatures vanquished.

Grand Total: 122 creatures vanquished

Notes
Turn   | Place    | Note
-------+----------+-------------------------------------------
     0 | D:1      | Cak3Hol3 the Draconian Ice Elementalist began the quest for
                  | the Orb.
     0 | D:1      | Reached XP level 1. HP: 14/14 MP: 3/3
   204 | D:1      | Reached XP level 2. HP: 14/20 MP: 5/5
   547 | D:1      | Found a faded altar of an unknown god.
   991 | D:1      | Reached skill level 1 in Short Blades
  1423 | D:2      | Reached XP level 3. HP: 26/26 MP: 6/6
  1427 | D:2      | Learned a level 3 spell: Ozocubu's Armour
  2140 | D:2      | Reached skill level 1 in Fighting
  2140 | D:2      | Reached XP level 4. HP: 14/35 MP: 5/7
  2646 | D:3      | Found a white marble altar of Elyvilon.
  2713 | D:3      | Became a worshipper of Elyvilon the Healer
  2762 | D:3      | Noticed Jessica
  2771 | D:3      | Killed Jessica
  2857 | D:3      | Reached XP level 5. HP: 5/40 MP: 3/8
  3371 | D:3      | Found Tuetocla's Antique Armour Boutique.
  3377 | D:3      | Bought a kite shield for 117 gold pieces
  3398 | D:3      | Found a runed translucent door.
  3399 | D:3      | Noticed Crazy Yiuf
  3950 | D:3      | Killed Crazy Yiuf
  3951 | D:3      | Reached XP level 6. HP: 41/48 MP: 7/9
  4098 | D:3      | Reached * piety under Elyvilon
  4825 | D:4      | Found a stormy altar of Qazlal.
  4880 | D:4      | Found a glowing silver altar of Zin.
  4923 | D:4      | Found a basalt altar of Yredelemnul.
  5496 | D:5      | Entered Level 5 of the Dungeon
  5496 | D:5      | Reached ** piety under Elyvilon
  5906 | D:5      | Reached skill level 1 in Axes
  5906 | D:5      | Reached skill level 1 in Shields
  5910 | D:5      | Found a staircase to the Ecumenical Temple.
  6047 | D:5      | Your scales start taking on a fiery red colour.
  6047 | D:5      | Reached XP level 7. HP: 55/55 MP: 10/10
  6047 | D:5      | Gained mutation: Your flesh is heat resistant. (rF+) [Red
                  | Draconian growth]
  6631 | D:6      | Noticed Grinder
  6650 | D:6      | Paralysed by Grinder for 2 turns
  6657 | D:6      | Paralysed by Grinder for 2 turns
  6661 | D:6      | Killed Grinder
  6884 | D:6      | Reached *** piety under Elyvilon
  7099 | D:6      | Reached XP level 8. HP: 28/62 MP: 12/12
  7108 | D:6      | Gained mutation: You are clumsy. (Dex -2) [potion of
                  | mutation]
  7109 | D:6      | Lost mutation: You are clumsy. (Dex -2) [potion of
                  | mutation]
  7109 | D:6      | Gained mutation: Your spells are a little easier to cast,
                  | but a little less powerful. [potion of mutation]
  7109 | D:6      | Gained mutation: You have sharp toenails. [potion of
                  | mutation]
  7526 | D:6      | Slain by a phantom

Illustrated notes

Levels and vault maps discovered:
D:1:      pf_arrival_petrified_forest, layout_basic,
          hellmonk_ecumenical_altar_blasted, kennysheep_crisscross,
          corner_web_ring
D:2:      kb_forest_paths, layout_basic
D:3:      layout_loops_ring, mainiacjoe_overflow_boulevard, serial_shops, shop,
          serial_rivers, chequers_serial_rivers_small_3,
          chequers_serial_rivers_room_a, chequers_serial_rivers_room_b,
          chequers_serial_rivers_micro_b, chequers_serial_rivers_micro_b,
          roderic_roman_lattice, uniq_crazy_yiuf_cottage, uniq_jessica
D:4:      layout_rooms, nicolae_overflow_crystal_walls,
          mainiacjoe_overflow_catch_the_wave, sigmund_army
D:5:      layout_gridville, temple_green
D:6:      minmay_spotlight, layout_basic, guppyfry_shop_venom, uniq_grinder
D:7:      layout_basic, mainiacjoe_overflow_chevrons, gammafunk_ghost_grave

Skill      XL: |  1  2  3  4  5  6  7  8 |
---------------+-------------------------+-----
Dodging        | 2 3 4 |  4.1
Short Blades   | 1 2 3 |  3.6
Stealth        | 2 3 |  3.4
Fighting       | 1 2 |  2.8
Axes           | 1 3 4 |  4.0
Shields        | 1 2 |  2.6
Ice Magic      | 3 4 |  4.1
Spellcasting   | 3 |  3.4
Invocations    | |  0.1

Action                   |  1- 3 |  4- 6 |  7- 9 || total
-------------------------+-------+-------+-------++-------
Melee: Dagger            |    96 |       |       ||    96
       Unarmed           |     7 |       |       ||     7
       Tailslap          |    24 |    22 |     8 ||    54
       Short sword       |    90 |   171 |       ||   261
       Punch             |       |     1 |       ||     1
       Hand axe          |       |    75 |    76 ||   151
       Kick              |       |       |     4 ||     4
 Cast: Ozocubu's Armour  |     3 |     1 |       ||     4
       Freeze            |       |    10 |    11 ||    21
Invok: Heal Self         |       |       |     2 ||     2
       Purification      |       |       |     1 ||     1
 Abil: Breathe Fire      |       |       |     9 ||     9
  Use: Potion            |       |     1 |     5 ||     6
 Stab: Sleeping          |     2 |    10 |       ||    12
Armor: Skin              |    59 |    64 |    45 ||   168
Dodge: Dodged            |   166 |   160 |    55 ||   381
Block: Kite shield       |       |    56 |    56 ||   112
